 Dungeon Crawl Stone Soup version 0.28-a0-987-g8383568036 (webtiles) character file.

Game seed: 13281707571172214626

324 Gargoyl the Skirmisher (level 6, -3/53 HPs)
             Began as a Gnoll Abyssal Knight on Dec 4, 2021.
             Was a Believer of Lugonu.
             Killed by divine providence
             ... invoked by an orc priest
              (10 damage)
             ... on level 3 of the Dungeon.
             The game lasted 00:03:34 (2134 turns).

Gargoyl the Skirmisher (Gnoll Abyssal Knight)       Turns: 2134, Time: 00:03:34

Health: -3/53      AC: 14    Str: 14    XL:     6   Next: 48%
Magic:  9/9        EV:  7    Int:  9    God:    Lugonu [**....]
Gold:   142        SH:  0    Dex: 13    Spells: 9/9 levels left

rFire   + . .      SeeInvis .   a - +1 hand axe
rCold   + . .      Faith    .   (no shield)
rNeg    . . .      Spirit   .   k - +0 chain mail
rPois   +          Reflect  .   (no helmet)
rElec   +          Harm     .   n - +0 cloak
rCorr   +          Rampage  .   i - +2 pair of gloves
Will    .....                   (no boots)
Stlth   ..........              h - amulet of regeneration
HPRegen 0.97/turn               (no ring)
MPRegen 0.11/turn               (no ring)

@: resistant, attractive
A: fangs 1, strong nose, distributed training
a: Renounce Religion, Depart the Abyss, Bend Space


You were on level 3 of the Dungeon.
You worshipped Lugonu.
Lugonu was pleased with you.
You visited 1 branch of the dungeon, and saw 3 of its levels.
You visited the Abyss 1 time.

You collected 142 gold pieces.

Inventory:

Hand Weapons
 a - a +1 hand axe (weapon)
Missiles
 j - 16 poisoned darts (quivered)
Armour
 i - a +2 pair of gloves (worn)
 k - a +0 chain mail (worn)
 n - a +0 cloak (worn)
Jewellery
 h - an amulet of regeneration (around neck)
Wands
 d - a wand of digging (4)
Scrolls
 g - 2 scrolls of teleportation
Potions
 m - a potion of mutation
 q - a potion of flight


   Skills:
 + Level 6.8 Fighting
 + Level 2.0 Short Blades
 + Level 2.0 Long Blades
 + Level 5.0 Axes
 + Level 2.0 Maces & Flails
 + Level 2.0 Polearms
 + Level 2.0 Staves
 + Level 2.0 Slings
 + Level 2.0 Bows
 + Level 2.0 Crossbows
 + Level 2.0 Throwing
 + Level 5.0 Armour
 + Level 3.2 Dodging
 + Level 2.0 Stealth
 + Level 2.0 Shields
 + Level 2.0 Unarmed Combat
 + Level 2.0 Spellcasting
 + Level 1.5 Conjurations
 + Level 1.5 Hexes
 + Level 1.5 Summonings
 + Level 1.5 Necromancy
 + Level 1.5 Translocations
 + Level 1.5 Transmutations
 + Level 1.5 Fire Magic
 + Level 1.5 Ice Magic
 + Level 1.5 Air Magic
 + Level 1.5 Earth Magic
 + Level 1.5 Poison Magic
 + Level 5.1 Invocations
 + Level 2.0 Evocations


You had 9 spell levels left.
You didn't know any spells.
Your spell library contained the following spells:

 Spells                   Type           Power      Damage    Failure   Level
 Foxfire                  Conj/Fire      12%        2x1d4     98%         1
 Conjure Flame            Conj/Fire      3%         6-21      100%        3
 Inner Flame              Hex/Fire       3%         N/A       100%        3
 Flame Wave               Conj/Fire      3%         2d4       100%        4
 Hailstorm                Conj/Ice       3%         3d3       100%        4
 Ice Form                 Ice/Tmut       3%         N/A       100%        4
 Simulacrum               Ice/Necr       1%         N/A       100%        6


Dungeon Overview and Level Annotations

Branches:
Dungeon (3/15)

Altars:

Shops:
D:1 :


Innate Abilities, Weirdness & Mutations

You have very sharp teeth.
Your uncanny sense of smell can sniff out nearby items.
Your experience applies equally to all skills.


Message History

You feel less confused.
The orc priest mumbles some strange prayers to Beogh against you.
Pain shoots through your body!
* * * LOW HITPOINT WARNING * * *
You hear some strange, mumbled words.
A magic dart appears from out of thin air!
The magic dart hits you.
* * * LOW HITPOINT WARNING * * *
The orc hits you but does no damage.
You hit the orc priest but do no damage.
The orc priest is moderately wounded.
You hit the orc but do no damage. You hit something but do no damage.
The orc priest hits you but does no damage.
Something hits you but does no damage. The orc hits you but does no damage.
You hit the orc priest but do no damage.
Your bite misses the orc priest.
The orc priest is moderately wounded.
You hit something but do no damage. You closely miss the orc.
The orc priest hits you with a +4 vorpal hand axe.
* * * LOW HITPOINT WARNING * * *
x2 Something hits you.
* * * LOW HITPOINT WARNING * * *
The orc hits you with a +1 hand axe of electrocution.
* * * LOW HITPOINT WARNING * * *
Unknown command.
It was a potion of curing.
You feel better.
The orc priest hits you with a +4 vorpal hand axe.
* * * LOW HITPOINT WARNING * * *
x2 You hear some strange, mumbled words.
A magic dart appears from out of thin air!
The magic dart hits you.
* * * LOW HITPOINT WARNING * * *
The orc barely misses you.
You hit the orc priest but do no damage.
Your bite misses the orc priest.
The orc priest is moderately wounded.
You closely miss something. You closely miss the orc.
The orc priest mumbles some strange prayers to Beogh against you.
Beogh smites you!
You die...

. .# #.# .#.# #.# ...#
#.# #..# #.# # ##..# #.#
#. ... #####.#### ##.
#.# #......#.## #
###...#o###.###.....####
......o@{).............+
###...#.###.###......###
##....# #.# ##.#.#.# #
##.### #.. ...###.# #.
######## #.# # #># #.#
#.# #.#


You could see an orc priest and an orc.

Vanquished Creatures
  2 golden eyes (Abyss:2)
  2 adders
  2 orcs (D:3)
  4 endoplasms
  2 giant cockroaches
  3 hobgoblins
  4 jackals (D:2)
  8 ball pythons
  2 frilled lizards (D:3)
  6 goblins
  3 kobolds (D:2)
  A rat (D:1)
39 creatures vanquished.

Notes
Turn   | Place    | Note
-------+----------+-------------------------------------------
     0 | Abyss:1  | Gargoyl the Gnoll Abyssal Knight began the quest for the
                  | Orb.
     0 | Abyss:1  | Reached XP level 1. HP: 23/23 MP: 3/3
    19 | Abyss:2  | Found a corrupted altar of Lugonu.
    36 | Abyss:2  | Noticed a golden eye
    36 | Abyss:2  | Noticed a golden eye
    36 | Abyss:2  | Noticed a golden eye
    37 | Abyss:2  | Killed a golden eye
    38 | Abyss:2  | Reached skill level 1 in Short Blades
    38 | Abyss:2  | Reached skill level 1 in Long Blades
    38 | Abyss:2  | Reached skill level 1 in Maces & Flails
    38 | Abyss:2  | Reached skill level 1 in Polearms
    38 | Abyss:2  | Reached skill level 1 in Staves
    38 | Abyss:2  | Reached skill level 1 in Slings
    38 | Abyss:2  | Reached skill level 1 in Bows
    38 | Abyss:2  | Reached skill level 1 in Crossbows
    38 | Abyss:2  | Reached skill level 1 in Throwing
    38 | Abyss:2  | Reached skill level 1 in Stealth
    38 | Abyss:2  | Reached skill level 1 in Shields
    38 | Abyss:2  | Reached skill level 1 in Unarmed Combat
    38 | Abyss:2  | Reached skill level 1 in Spellcasting
    38 | Abyss:2  | Reached skill level 1 in Conjurations
    38 | Abyss:2  | Reached skill level 1 in Hexes
    38 | Abyss:2  | Reached skill level 1 in Summonings
    38 | Abyss:2  | Reached skill level 1 in Necromancy
    38 | Abyss:2  | Reached skill level 1 in Translocations
    38 | Abyss:2  | Reached skill level 1 in Transmutations
    38 | Abyss:2  | Reached skill level 1 in Fire Magic
    38 | Abyss:2  | Reached skill level 1 in Ice Magic
    38 | Abyss:2  | Reached skill level 1 in Air Magic
    38 | Abyss:2  | Reached skill level 1 in Earth Magic
    38 | Abyss:2  | Reached skill level 1 in Poison Magic
    38 | Abyss:2  | Reached skill level 1 in Evocations
    38 | Abyss:2  | Reached XP level 2. HP: 29/29 MP: 5/5
    38 | Abyss:2  | Reached XP level 3. HP: 35/35 MP: 6/6
    38 | Abyss:2  | Reached XP level 4. HP: 41/41 MP: 7/7
    38 | Abyss:2  | Reached XP level 5. HP: 47/47 MP: 8/8
    38 | Abyss:2  | Noticed a golden eye
    41 | Abyss:2  | Killed a golden eye
    41 | Abyss:2  | Noticed a golden eye
    41 | Abyss:2  | Noticed a golden eye
    42 | Abyss:2  | Reached skill level 5 in Invocations
    42 | Abyss:2  | Reached XP level 6. HP: 53/53 MP: 9/9
   104 | Abyss:3  | Noticed an efreet
   134 | Abyss:3  | Noticed a neqoxec
   137 | Abyss:4  | Found a corrupted altar of Lugonu.
   196 | Abyss:4  | Noticed an ancient zyme
   198 | Abyss:5  | Entered Level 5 of the Abyss
   215 | Abyss:5  | Noticed a worldbinder
   216 | Abyss:5  | Noticed a freezing wraith
   217 | Abyss:5  | Noticed a freezing wraith
   221 | Abyss:5  | Noticed a raiju
   221 | Abyss:5  | Noticed a raiju
   221 | Abyss:5  | Noticed a raiju
   222 | D:1      | Escaped the Abyss
   302 | D:1      | Found a faded altar of an unknown god.
   338 | D:1      | Reached * piety under Lugonu
   924 | D:1      | Found Hieheug's Book Emporium.
  1381 | D:2      | Reached skill level 5 in Axes
  1381 | D:2      | Reached skill level 5 in Armour
  1714 | D:2      | Reached ** piety under Lugonu
  2134 | D:3      | Killed from afar by an orc priest

Illustrated notes

Levels and vault maps discovered:
D:1:      minmay_arrival_jagged, layout_basic, ebering_ecumenical_altar_mist,
          serial_shops, shop, corner_web_ring, minivault_23,
          minmay_close_crescents
D:2:      layout_basic, moated_statue, minmay_pentomino_w4
D:3:      layout_loops_corners, marbit_many_paths, serial_shops, shop_statue

Skill      XL: |  1  2  3  4  5  6 |
---------------+-------------------+-----
Short Blades   | 1 2 |  2.0
Long Blades    | 1 2 |  2.0
Maces & Flails | 1 2 |  2.0
Polearms       | 1 2 |  2.0
Staves         | 1 2 |  2.0
Slings         | 1 2 |  2.0
Bows           | 1 2 |  2.0
Crossbows      | 1 2 |  2.0
Throwing       | 1 2 |  2.0
Stealth        | 1 2 |  2.0
Shields        | 1 2 |  2.0
Unarmed Combat | 1 2 |  2.0
Spellcasting   | 1 2 |  2.0
Conjurations   | 1 |  1.5
Hexes          | 1 |  1.5
Summonings     | 1 |  1.5
Necromancy     | 1 |  1.5
Translocations | 1 |  1.5
Transmutations | 1 |  1.5
Fire Magic     | 1 |  1.5
Ice Magic      | 1 |  1.5
Air Magic      | 1 |  1.5
Earth Magic    | 1 |  1.5
Poison Magic   | 1 |  1.5
Evocations     | 1 2 |  2.0
Dodging        | 3 |  3.2
Invocations    | 5 |  5.1
Axes           | 5 |  5.0
Armour         | 5 |  5.0
Fighting       | |  6.8

Action                   |  1- 3 |  4- 6 || total
-------------------------+-------+-------++-------
Melee: Hand axe          |     2 |   109 ||   111
       Bite              |       |     8 ||     8
       Punch             |       |     1 ||     1
Invok: Depart the Abyss  |       |     1 ||     1
  Use: Potion            |     2 |     4 ||     6
       Scroll            |       |     6 ||     6
 Stab: Sleeping          |       |     1 ||     1
Armor: Chain mail        |       |    77 ||    77
       Ring mail         |       |     8 ||     8
Dodge: Dodged            |       |    43 ||    43

Table legend: (Time is in decaauts)
 A = Elapsed time spent in this place.
 B = Non-inter-level travel time spent in this place.
 C = Inter-level travel time spent in this place.
 D = Time resting spent in this place.
 E = Time spent auto-exploring this place.
 F = Levels seen in this place.
 G = Mean time per level.
                   A        B        C        D        E       F      G
               +--------+--------+--------+--------+--------+-----+--------+
         Total |   2138 |   2091 |     47 |     51 |   1557 |   8 |  267.2 |
       Dungeon |   1917 |   1870 |     47 |      0 |   1474 |   3 |  639.0 |
         Abyss |    221 |    221 |      0 |     51 |     83 |   5 |   44.2 |
               +--------+--------+--------+--------+--------+-----+--------+

Top non-repeatable levels by time:
     D:1: 980 daAuts
     D:2: 744 daAuts
     D:3: 192 daAuts
 Abyss:3: 83 daAuts
 Abyss:4: 60 daAuts
 Abyss:2: 37 daAuts
 Abyss:5: 23 daAuts
 Abyss:1: 16 daAuts
